Map: Site Delta LE

Players

Subwayeatn

  • Race: Zerg Zerg
  • League: Diamond
  • Spawn Location: 11:00

geightman - Winner!

  • Race: Protoss Protoss
  • Spawn Location: 5:00

VOD

Have the link to the VOD?

Description

Time

  • Played on: Nov. 16, 2023, 11:23 a.m.
  • Length: 8:02
Show
View Real Time Build Order
Export as new Build Order

Subwayeatn Zerg 

Build Orders: 3 Hatch before Pool 

Get SALT Encoding   

  12  0:00  Drone  
  13  0:12  Overlord  
  13  0:16  Drone  
  14  0:30  Drone x2  
  16  0:48  Hatchery  
  15  0:52  Drone  
  16  1:06  Drone  
  17  1:17  Hatchery  
  16  1:22  Drone  
  16  1:23  Drone  
  18  1:26  Extractor  
  17  1:40  Spawning Pool  
  17  1:44  Drone  
  17  1:46  Drone  
  18  1:50  Drone  
  19  1:56  Drone  
  20  2:07  Drone x2  
  22  2:17  Drone  
  22  2:18  Drone  
  24  2:23  Overlord  
  24  2:29  Drone  
  25  2:33  Queen  
  25  2:36  Queen  
  29  2:43  Queen  
  31  2:48  Metabolic Boost  
  31  2:59  Drone x4  
  31  3:03  Overlord  
  35  3:10  Overlord  
  35  3:16  Queen  
  37  3:20  Queen  
  37  3:26  Queen  
  39  3:28  Drone  
  39  3:30  Drone  
  39  3:31  Drone  
  44  3:35  Drone x2  
  44  3:38  Overlord  
  46  3:42  Overlord  
  46  3:45  Drone  
  46  3:46  Drone  
  48  3:51  Drone x3  
  48  3:53  Drone  
  48  3:55  Drone  
  53  4:04  Drone x6, Extractor  
  58  4:14  Drone x2  
  60  4:21  Extractor  
  59  4:24  Drone x3  
  59  4:29  Drone  
  59  4:30  Drone x2  
  65  4:46  Drone  
  65  4:49  Drone x3  
  69  4:53  Lair  
  69  4:55  Drone  
  69  4:56  Drone x2  
  69  4:57  Drone  
  69  4:59  Drone  
  74  5:00  Extractor  
  74  5:02  Drone  
  74  5:04  Evolution Chamber  
  73  5:08  Evolution Chamber  
  73  5:09  Zergling x8  
  74  5:14  Overlord x3  
  73  5:23  Spine Crawler  
  73  5:24  Spine Crawler x2  
  73  5:25  Spine Crawler  
  69  5:34  Zergling x12  
  69  5:35  Zergling x2  
  66  5:53  Zergling x10  
  64  6:07  Zergling x2  
  64  6:08  Zergling x4  
  64  6:11  Queen x2  
  67  6:15  Drone  
  67  6:16  Drone x2  
  72  6:22  Drone  
  72  6:23  Baneling Nest  
  72  6:25  Drone  
  73  6:27  Hatchery, Hydralisk Den  
  71  6:33  Infestation Pit  
  70  6:46  Extractor  
  69  6:49  Zergling x18, Extractor  
  77  7:00  Grooved Spines  
  77  7:01  Zergling x8  
  78  7:06  Baneling x13  
  78  7:07  Baneling x3  
  81  7:13  Zergling x4  
  78  7:26  Zergling x14  
  79  7:34  Zergling x2  
Show
View Real Time Build Order
Export as new Build Order

geightman Protoss - Winner!

Build Orders: 1 Gate Expand 

Get SALT Encoding   

  12  0:01  Probe  
  13  0:13  Probe  
  14  0:19  Pylon  
  14  0:25  Probe  
  15  0:37  Probe (Chrono Boost)  
  15  0:38  Gateway  
  16  0:48  Probe (Chrono Boost)  
  16  0:49  Assimilator  
  17  0:53  Probe (Chrono Boost)  
  18  1:03  Probe  
  19  1:15  Probe  
  20  1:24  Nexus  
  20  1:34  Cybernetics Core  
  20  1:36  Probe  
  21  1:48  Probe  
  21  1:52  Pylon  
  21  1:53  Assimilator  
  22  2:00  Probe  
  23  2:09  Adept (Chrono Boost)  
  23  2:12  Warp Gate  
  23  2:14  Probe  
  26  2:29  Gateway, Probe  
  27  2:31  Stalker  
  29  2:39  Probe  
  29  2:41  Probe  
  31  2:49  Pylon  
  31  2:53  Probe x2  
  33  2:58  Pylon  
  33  3:04  Sentry  
  35  3:19  Pylon  
  35  3:29  Gateway x2  
  35  3:35  Probe x2  
  37  3:50  Gateway  
  37  3:55  Probe x2  
  39  4:01  Zealot x2  
  43  4:07  Probe x2  
  45  4:15  Robotics Facility  
  45  4:22  Zealot x2  
  45  4:23  Zealot x2  
  53  4:26  Probe x2  
  55  4:34  Pylon  
  55  4:36  Zealot  
  55  4:37  Zealot  
  59  4:39  Probe x2  
  61  4:45  Pylon  
  61  4:46  Pylon, Zealot x2  
  61  4:49  Zealot  
  67  5:01  Immortal (Chrono Boost)  
  67  5:05  Sentry  
  67  5:06  Sentry  
  75  5:19  Probe x2  
  77  5:23  Assimilator x2  
  77  5:35  Immortal (Chrono Boost)  
  75  5:43  Gateway, Sentry  
  75  5:44  Gateway  
  75  5:45  Sentry x2  
  79  6:02  Sentry x2  
  79  6:03  Warp Prism (Chrono Boost)  
  71  6:15  Probe  
  71  6:16  Probe  
  71  6:18  Pylon  
  73  6:28  Probe x2  
  73  6:31  Pylon  
  76  6:43  Observer, Zealot x7  
  90  6:58  Gateway  
  90  7:03  Stalker x3  
  90  7:04  Stalker x2, Zealot x2  
  96  7:31  Stalker  
  96  7:32  Stalker x6  
  90  7:58  Stalker x3  
  90  7:59  Sentry x2, Zealot x3  
Tags
 
Add a new tag
Caveats
  • Supply blocks, unpowered buildings, or Contaminate may cause inaccurate times.
  • Supply counts are checked every 10 seconds.